 Dungeon Crawl Stone Soup version 0.22-a0-110-g5b255cf (webtiles) character file.

36498 4thArraOfDagon the Scorcher (level 13, -5/79 HPs)
             Began as a Barachi Fire Elementalist on Jan 27, 2018.
             Was a High Priest of Vehumet.
             Killed from afar by a gargoyle (19 damage)
             ... with a stone arrow
             ... on level 12 of the Dungeon.
             The game lasted 01:02:12 (8456 turns).

4thArraOfDagon the Scorcher (BaFE)                  Turns: 8456, Time: 01:02:14

Health: -5/79      AC:  9    Str:  9    XL:     13   Next: 90%
Magic:  2/36       EV: 12    Int: 20    God:    Vehumet [*****.]
Gold:   1048       SH:  0    Dex: 18    Spells: 20/33 levels left

rFire    + . .     SeeInvis +   P - +1 broad axe "Ischutul" {chop, rC+ Dex+4}
rCold    + + .     Gourm    +   (no shield)
rNeg     . . .     Faith    .   A - +0 troll leather armour
rPois    +         Spirit   .   u - +0 helmet {SInv}
rElec    +         Reflect  .   J - scarf {cloud immunity}
rCorr    +         Harm     .   z - +0 pair of gloves
MR       .....                  Q - +2 pair of boots {Fly}
Stlth    ++........             O - amulet of the gourmand
HPRegen  0.63/turn              F - ring of magical power
MPRegen  0.25/turn              C - ring of poison resistance

@: about to teleport, resistant, can't hop, flying, studying Ice Magic, slow
A: +LOS, swims, slowness 1, strong legs 2
a: Hop, Renounce Religion, Stop Flying


You were on level 12 of the Dungeon.
You worshipped Vehumet.
Vehumet was extremely pleased with you.
You were very full.

You visited 2 branches of the dungeon, and saw 16 of its levels.
You also visited: Labyrinth, Sewer, Bailey and Ice Cave.

You collected 1048 gold pieces.

Inventory:

Hand Weapons
 f - a +0 whip of holy wrath
 I - the +5 arbalest of Crawling {penet, -Tele rPois rF+++ rC- Stlth+}
   (You found it on level 7 of the Dungeon)

   Ammo fired by it will pass through the targets it hits, potentially hitting
   all targets in its path until it reaches maximum range.
   It renders you almost immune to fire.
   It makes you vulnerable to cold.
   It protects you from poison.
   It prevents most forms of teleportation.
   It makes you more stealthy.
 P - the +1 broad axe "Ischutul" (weapon) {chop, rC+ Dex+4}
   (You took it off a goblin in a bailey)

   It inflicts extra damage upon your enemies.
   It affects your dexterity (+4).
   It protects you from cold.
Armour
 u - a +0 helmet of see invisible (worn)
 z - a +0 pair of gloves (worn)
 A - a +0 troll leather armour (worn)
 J - a scarf of cloud immunity (worn)
 Q - a +2 pair of boots of flying (worn)
 X - a +2 robe of magic resistance
Magical Staves
 N - an uncursed staff of earth
 S - an uncursed staff of summoning {!a}
Jewellery
 l - an uncursed ring of ice
 q - an uncursed ring of loudness
 s - an uncursed amulet of rage
 t - an uncursed ring of flight
 x - an uncursed ring of resist corrosion
 C - a ring of poison resistance (right hand)
 F - a ring of magical power (left hand)
 K - a +5 ring of dexterity
 O - an amulet of the gourmand (around neck)
 R - an uncursed ring of stealth
 W - an uncursed ring of protection from fire
Wands
 n - a wand of paralysis (15)
 y - a wand of enslavement (16)
 T - a wand of polymorph (17)
 U - a wand of flame (27)
Scrolls
 d - 3 scrolls of identify
 e - 2 scrolls of enchant armour {unknown}
 g - a scroll of magic mapping
 h - 5 scrolls of teleportation
 j - a scroll of fog {unknown}
 m - a scroll of noise {unknown}
 p - 3 scrolls of immolation
 D - 2 scrolls of fear {unknown}
 G - 2 scrolls of amnesia {unknown}
 H - 5 scrolls of remove curse
 L - 2 scrolls of enchant weapon
 M - 2 scrolls of blinking
Potions
 i - 3 potions of curing
 k - 6 potions of brilliance
 o - a potion of degeneration
 r - 2 potions of agility
 w - 4 potions of haste
 B - a potion of invisibility
 E - a potion of cancellation
 V - a potion of lignification
Books
 b - a book of Flames

   Spells                             Type                      Level
   a - Flame Tongue                   Conjuration/Fire             1
   b - Throw Flame                    Conjuration/Fire             2
   c - Conjure Flame                  Conjuration/Fire             3
   d - Inner Flame                    Hexes/Fire                   3
   e - Sticky Flame                   Conjuration/Fire             4
   f - Fireball                       Conjuration/Fire             5
 v - a manual of Ice Magic
Comestibles
 c - 16 rations


   Skills:
 - Level 2.1 Dodging
 - Level 1.7 Stealth
 + Level 10.8 Spellcasting
 * Level 15.5 Conjurations
 * Level 15.7 Fire Magic


You had 20 spell levels left.
You knew the following spells:

 Your Spells              Type           Power        Failure   Level  Hunger
a - Flame Tongue          Conj/Fire      #####        0%          1    None
b - Conjure Flame         Conj/Fire      ######..     1%          3    None
c - Sticky Flame          Conj/Fire      ######..     1%          4    ##.....
d - Fireball              Conj/Fire      ######....   1%          5    ####...


Dungeon Overview and Level Annotations

Branches:
Dungeon (15/15)            Temple (1/1) D:4            Lair (0/6) D:8
    Orc (0/2) D:10
 Vaults: D:13-14     Depths: D:15

Altars:
Ashenzari
Cheibriados
Dithmenos
Elyvilon
Fedhas
Gozag
Hepliaklqana
Kikubaaqudgha
Makhleb
Nemelex Xobeh
Okawaru
Qazlal
Ru
Sif Muna
Trog
Uskayaw
Vehumet
Wu Jian
Xom
Zin
The Shining One
Jiyva

Annotations:
D:5 1 exclusion
D:9 4thArraOfDagon's ghost, amateur DDWn
D:11 Vajrapani's ghost, journeyman OpGl
D:14 exclusions: yaktaur and 1 more exclusion
D:15 exclusion: Roxanne, Roxanne


Innate Abilities, Weirdness & Mutations

Shadows flee at your approach. (+LOS)
You can swim through water.
You cover ground slowly.
You can hop long distances.


Message History

Okay, then.
As you read the scroll of teleportation, it crumbles to dust.
You feel strangely unstable.
The storm dragon breathes lightning at you.
The bolt of lightning hits you! You resist.
Unknown command.
Unknown command.
Your surroundings suddenly seem different.
A gargoyle comes into view. It is wielding a morningstar.
The gargoyle hurls a stone arrow at you.
The stone arrow hits you!
* * * LOW HITPOINT WARNING * * *
Found 2 potions of invisibility.
Unknown command.
Unknown command.
As you read the scroll of teleportation, it crumbles to dust.
You feel strangely unstable.
The gargoyle hurls a stone arrow at you.
The stone arrow hits you!
You die...

***** ******* *,,,* *****,,,,,*
*,,,* *,,,,,,,,,******,,,*
******,,,,,,,,,,,,,,,,,,*
*,,,,,,,,,,,,,,,**+**,,,*
*********,,,,,,,,,,,,,,,*,,,*,..#
,,,,,,,,,,,,,,,###,,,,,,*,,,*,...
,,,,,,,,...***+#@#,,,,,,*,,,*,...
,,,,,,,,...#9!...#,,,,,,*****,...
,*******#..#.....#,,,,,,,,,,,,...
,* #..#.....#,,,,,,,,,,,,.h. ,*
#..#.....#,,,,,,,,,***.## ,*
#..#.....#,,,,,,,,**,,,,, .*
#..#.....#,,,.?,,**,,,,,, .####*
#..####'##Dh...,**,,,,,,,
.....####..>...........**,,,,***,


You could see a gargoyle.

Vanquished Creatures
  Kirke (D:15)
  An orc warlord (Bailey)
  A minotaur (Lab)
  Harold (D:11)
  A catoblepas (D:13)
  2 hydras
  A centaur warrior (D:13)
  6 two-headed ogres
  A sixfirhy (D:12)
  4 unseen horrors
  3 orc knights
  7 ugly things
  An orb spider (shapeshifter) (D:13)
  2 deep elf magi (D:14)
  A manticore (D:15)
  An orc sorcerer (D:15)
  2 cyclopes
  3 ice statues (IceCv)
  3 centaur skeletons
  A gargoyle (D:11)
  A komodo dragon (D:15)
  2 trolls
  2 hornets
  A polar bear (D:15)
  4 hippogriffs
  A raiju (D:12)
  A slime creature (D:15)
  2 humans (D:11)
  11 yaks
  A wraith (D:11)
  5 hogs (D:15)
  3 wyverns
  2 hungry ghosts
  A soldier ant (D:11)
  2 porcupines (D:8)
  Purgy (Sewer)
  3 sky beasts
  3 black bears
  An eye of draining (D:13)
  20 orc warriors
  18 ice beasts
  6 ogres
  4 centaurs
  3 crocodiles
  A big kobold (D:10)
  8 bullfrogs
  A wyvern zombie (D:9)
  3 wyvern skeletons
  2 scorpions
  7 killer bees
  5 wights
  4 electric eels (D:5)
  2 howler monkeys
  2 quasits (D:10)
  2 bullfrog zombies (D:13)
  6 hounds
  6 gnoll shamans (D:7)
  4 orc priests
  6 jellies
  A bullfrog skeleton (D:7)
  Ijyb (D:5)
  5 iguanas
  5 orc wizards
  8 worker ants
  A worker ant zombie (D:6)
  16 gnolls
  5 adders
  2 howler monkey skeletons
  A river rat (D:5)
  A shadow imp (D:5)
  2 white imps (D:15)
  2 oozes
  2 adder zombies
  An adder skeleton (D:5)
  A worm (D:3)
  2 dart slugs (D:1)
  4 leopard geckos
  45 orcs
  3 ball pythons
  3 bats
  6 giant cockroaches
  26 goblins
  10 hobgoblins
  4 jackals
  16 kobolds
  6 quokkas
  11 frilled lizards
  A leopard gecko zombie (D:6)
  A quokka skeleton (D:4)
  10 rats
  A fungus (D:7)
  2 plants (D:15)
405 creatures vanquished.

Vanquished Creatures (others)
  A human (D:15)
  A gnoll (Bailey)
  An orc (D:15)
  A quokka (D:3)
  13 fungi
  22 plants
39 creatures vanquished.

Grand Total: 444 creatures vanquished

Notes
Turn   | Place    | Note
-------+----------+-------------------------------------------
     0 | D:1      | 4thArraOfDagon the Barachi Fire Elementalist began the quest for the Orb.
     0 | D:1      | Reached XP level 1. HP: 13/13 MP: 3/3
    93 | D:1      | Reached XP level 2. HP: 12/19 MP: 0/5
   362 | D:3      | Reached XP level 3. HP: 21/24 MP: 2/6
   417 | D:4      | Learned a level 3 spell: Conjure Flame
   507 | D:4      | Reached XP level 4. HP: 15/30 MP: 0/8
   516 | D:4      | Learned a level 4 spell: Sticky Flame
   577 | D:4      | Found a staircase to the Ecumenical Temple.
   586 | Temple   | Entered the Ecumenical Temple
   593 | Temple   | Became a worshipper of Vehumet
   655 | D:3      | Found a stormy altar of Qazlal.
   804 | D:3      | Found a white marble altar of Elyvilon.
  1138 | D:1      | Reached * piety under Vehumet
  1138 | D:1      | Offered knowledge of Sting by Vehumet.
  1140 | D:1      | Reached XP level 5. HP: 29/35 MP: 1/9
  1357 | D:5      | Entered Level 5 of the Dungeon
  1413 | D:5      | Noticed a sky beast
  1421 | D:5      | Killed a sky beast
  1421 | D:5      | Reached skill level 5 in Fire Magic
  1421 | D:5      | Reached XP level 6. HP: 31/41 MP: 0/11
  1485 | D:5      | Found a glowing drain.
  1508 | Sewer    | Entered a sewer
  1602 | Sewer    | Noticed Purgy
  1624 | Sewer    | Killed Purgy
  1793 | D:5      | Noticed Ijyb
  1798 | D:5      | Killed Ijyb
  1798 | D:5      | Reached XP level 7. HP: 46/46 MP: 12/12
  1849 | D:5      | Noticed a troll
  1859 | D:5      | Killed a troll
  1859 | D:5      | Reached skill level 5 in Conjurations
  1888 | D:5      | Learned a level 5 spell: Fireball
  1994 | D:5      | Got a twisted leather armour
  2087 | D:5      | Reached XP level 8. HP: 51/52 MP: 10/14
  2111 | D:5      | Found a blossoming altar of Fedhas.
  2389 | D:6      | Reached ** piety under Vehumet
  2389 | D:6      | Offered knowledge of Searing Ray by Vehumet.
  2631 | D:6      | Reached skill level 5 in Spellcasting
  2923 | D:7      | Got a twisted arbalest
  2929 | D:7      | Identified the +5 arbalest of Crawling {penet, -Tele rPois rF+++ rC- Stlth+} (You found it on level 7 of the Dungeon)
  3040 | D:7      | Reached XP level 9. HP: 57/57 MP: 17/17
  3243 | D:7      | Offered knowledge of Ignite Poison by Vehumet.
  3643 | D:8      | Found a staircase to the Lair.
  3665 | D:8      | Reached skill level 10 in Fire Magic
  3665 | D:8      | Reached XP level 10. HP: 54/63 MP: 11/19
  3814 | D:7      | Reached *** piety under Vehumet
  3836 | D:8      | Reached skill level 10 in Conjurations
  4067 | D:10     | Entered Level 10 of the Dungeon
  4148 | D:10     | Offered knowledge of Olgreb's Toxic Radiance by Vehumet.
  4174 | D:10     | Found a flagged portal.
  4176 | D:10     | Found a staircase to the Orcish Mines.
  4192 | Bailey   | Entered a bailey
  4257 | Bailey   | Reached **** piety under Vehumet
  4301 | Bailey   | Offered knowledge of Mephitic Cloud by Vehumet.
  4331 | Bailey   | Noticed an orc knight
  4356 | Bailey   | Killed an orc knight
  4415 | Bailey   | Noticed an orc warlord
  4472 | Bailey   | Reached XP level 11. HP: 42/68 MP: 5/22
  4515 | Bailey   | Noticed an orc knight
  4529 | Bailey   | Killed an orc knight
  4855 | Bailey   | Killed an orc warlord
  4873 | Bailey   | Got a translucent broad axe {chop}
  4874 | Bailey   | Identified the cursed +1 broad axe "Ischutul" {chop, rC+ Dex+4} (You took it off a goblin in a bailey)
  4918 | D:10     | Identified 3 scrolls of acquirement
  4936 | D:10     | Identified the +0 leather armour "Emiw" {Dex+2} (You found it on level 5 of the Dungeon)
  5113 | D:9      | Noticed 4thArraOfDagon's ghost (amateur DDWn)
  5168 | D:10     | Reached ***** piety under Vehumet
  5170 | D:10     | Offered knowledge of Conjure Ball Lightning by Vehumet.
  5235 | D:11     | Noticed a two-headed ogre
  5239 | D:11     | Noticed a two-headed ogre
  5364 | D:11     | Noticed an unseen horror
  5367 | D:11     | Noticed a cyclops
  5371 | D:11     | Killed an unseen horror
  5390 | D:11     | Killed a cyclops
  5411 | D:11     | Noticed Vajrapani's ghost (journeyman OpGl)
  5440 | D:11     | Found an iron altar of Okawaru.
  5486 | D:11     | Found a shimmering altar of Xom.
  5545 | D:11     | Noticed a two-headed ogre
  5558 | D:11     | Killed a two-headed ogre
  5712 | D:11     | Killed a two-headed ogre
  5712 | D:11     | Reached XP level 12. HP: 58/74 MP: 13/24
  5713 | D:11     | Noticed Harold
  5716 | D:11     | Noticed a two-headed ogre
  5737 | D:11     | Killed a two-headed ogre
  5803 | D:11     | Killed Harold
  5822 | D:11     | Killed a two-headed ogre
  5977 | D:12     | Noticed a two-headed ogre
  5986 | D:12     | Killed a two-headed ogre
  6002 | D:12     | Found a labyrinth entrance.
  6020 | Lab      | Entered a labyrinth
  6322 | Lab      | Noticed a minotaur
  6356 | Lab      | Killed a minotaur
  6471 | D:13     | Noticed a five-headed hydra
  6502 | D:12     | Noticed a five-headed hydra
  6589 | D:14     | Found a frozen archway.
  6606 | IceCv    | Entered an ice cave
  6910 | D:15     | Entered Level 15 of the Dungeon
  6911 | D:15     | Found a viscous altar of Jiyva.
  6962 | D:15     | Gained mutation: You can hop long distances. [Barachi growth]
  6962 | D:15     | Reached XP level 13. HP: 79/79 MP: 24/26
  6964 | D:15     | Reached skill level 10 in Spellcasting
  6978 | D:15     | Offered knowledge of Lightning Bolt by Vehumet.
  7006 | D:15     | Noticed Kirke
  7016 | D:15     | Killed Kirke
  7323 | D:15     | Found a blossoming altar of Fedhas.
  7393 | D:14     | Reached skill level 15 in Fire Magic
  7525 | D:13     | Paralysed by a hornet for 3 turns
  7725 | D:13     | Reached skill level 15 in Conjurations
  8245 | D:15     | Noticed Roxanne
  8431 | D:12     | Noticed a storm dragon
  8456 | D:12     | Killed from afar by a gargoyle

Vault maps used:
D:1:      elethiomel_arrival_quiet
D:3:      cheibrodos_old_hovel, elyvilon_altar_4,
          nicolae_overflow_hidden_temple, goddamned_bats
D:4:      minmay_temple_entry_poolview
D:5:      cheibrodos_two_vegetables, overflow_temple_1_default, first_ration,
          portal_sewer_entry_b, uniq_ijyb
D:6:      serial_co_window_serial, co_window_paths_b, co_window_cross_1,
          co_window_corner_a, co_window_corner_a, co_window_paths_b,
          co_window_broadway_c, co_window_of_opportunity_b,
          co_window_of_opportunity_b, glass_columns_c, glass_columns_a,
          glass_columns_a, glass_columns_c, glass_columns_a
D:7:      kennysheep_seaside_town
D:8:      due_lair_maze_entry_diamond
D:9:      lemuel_zombie_altar_yredelemnul, hangedman_fish_farm
D:10:     orc_0_dummy, enter_bailey_2
D:11:     basic_altar, okawaru_humans, uniq_harold
D:12:     minmay_shoctagon, lab_entry_generic, uniq_maurice
D:14:     david_vaults_4, serial_park_paths, portal_ice_cave_entry_ice_beasts
D:15:     grunt_enter_depths_snipers, serial_ice, serial_ice_k, serial_ice_a,
          serial_ice_b, serial_ice_d, fedhas_altar_1, serial_bayou_lagoon_a,
          jiyva_altar_1, uniq_roxanne, uniq_kirke
Temple:   nicolae_temple_no_exploring_needed
Lab:      nicolae_lab_dead_adventurers, nicolae_lab_stuck
Sewer:    sewer_co_purgy_island
Bailey:   bailey_axe_minmay_hex_keep, bailey
IceCv:    ice_cave_statue_garden_chambered

Skill      XL: |  1  2  3  4  5  6  7  8  9 10 11 12 13 |
---------------+----------------------------------------+-----
Conjurations   | 2 3 4 6 7 9 11 12 14 15 | 15.5
Fire Magic     | 4 5 6 8 10 11 13 14 15 | 15.7
Spellcasting   | 3 4 5 6 7 8 9 10 | 10.8
Dodging        | |  2.1
Stealth        | |  1.7

Action                   |  1- 3 |  4- 6 |  7- 9 | 10-12 | 13-15 || total
-------------------------+-------+-------+-------+-------+-------++-------
Melee: Unarmed           |     9 |     2 |       |     1 |       ||    12
       Whip              |    18 |       |    19 |     1 |       ||    38
       Trident           |       |       |    13 |     6 |       ||    19
       Staff             |       |       |       |    28 |       ||    28
       Broad axe         |       |       |       |    89 |    60 ||   149
Throw: Throwing net      |       |       |       |     5 |       ||     5
 Cast: Flame Tongue      |    40 |    82 |   113 |   203 |    35 ||   473
       Sticky Flame      |       |     3 |    24 |    61 |    26 ||   114
       Conjure Flame     |       |       |    12 |    35 |    32 ||    79
       Fireball          |       |       |     8 |    59 |    33 ||   100
 Abil: Hop               |       |       |     1 |     4 |     1 ||     6
Evoke: Wand              |       |     2 |    11 |     9 |       ||    22
  Use: Scroll            |     1 |     3 |       |    21 |     6 ||    31
       Potion            |     1 |       |     1 |     5 |     3 ||    10
 Stab: Held in net/web   |       |       |       |     1 |       ||     1
  Eat: Chunk             |       |     5 |    13 |    24 |    21 ||    63
       Ration            |       |       |       |     3 |       ||     3
Armor: Robe              |    23 |     4 |       |       |       ||    27
       Troll leather arm |       |       |    22 |    74 |    43 ||   139
       Skin              |       |       |       |    12 |       ||    12
Dodge: Dodged            |    45 |    27 |    56 |   174 |    56 ||   358

Table legend:
 A = Spawn XP
 B = Non-spawn XP
 C = Spawn XP percentage of total XP
 D = Spawn monster count
 E = Non-spawn monster count
 F = Spawn count percentage of total count
 G = Total turns spent on level
                    A         B        C        D         E        F      G
               +---------+---------+-------+---------+---------+-------+---------
         Total |       0 |   52140 |   0.0 |       0 |     402 |   0.0 |  8456
               +---------+---------+-------+---------+---------+-------+---------
           D:1 |       0 |      37 |   0.0 |       0 |      18 |   0.0 |   246
           D:2 |       0 |      21 |   0.0 |       0 |      15 |   0.0 |   359
           D:3 |       0 |      59 |   0.0 |       0 |      15 |   0.0 |   385
           D:4 |       0 |      62 |   0.0 |       0 |       7 |   0.0 |   360
           D:5 |       0 |     977 |   0.0 |       0 |      22 |   0.0 |   694
           D:6 |       0 |     777 |   0.0 |       0 |      24 |   0.0 |   617
           D:7 |       0 |    1677 |   0.0 |       0 |      32 |   0.0 |   703
           D:8 |       0 |    2047 |   0.0 |       0 |      16 |   0.0 |   313
           D:9 |       0 |    1646 |   0.0 |       0 |      13 |   0.0 |   213
          D:10 |       0 |    1501 |   0.0 |       0 |      26 |   0.0 |   469
          D:11 |       0 |    9387 |   0.0 |       0 |      36 |   0.0 |   673
          D:12 |       0 |    3659 |   0.0 |       0 |       7 |   0.0 |   104
          D:13 |       0 |    4159 |   0.0 |       0 |      24 |   0.0 |   464
          D:14 |       0 |    8624 |   0.0 |       0 |      30 |   0.0 |   538
          D:15 |       0 |    8399 |   0.0 |       0 |      29 |   0.0 |   648
           Lab |       0 |    1111 |   0.0 |       0 |       1 |   0.0 |   436
         Sewer |       0 |     147 |   0.0 |       0 |       8 |   0.0 |   198
        Bailey |       0 |    4606 |   0.0 |       0 |      68 |   0.0 |   725
         IceCv |       0 |    3244 |   0.0 |       0 |      11 |   0.0 |   296
               +---------+---------+-------+---------+---------+-------+---------
